AoeStats
← DrHaz3lnut

Lombardia

508708767Analyzed
2v2 RM · 7d ago on Sep 23, 2026· 53m 44s· 4 players
Game mode
Random Map
Map size
Medium (4 player)
Population
200
Speed
Normal
Resources
Standard
Victory
Conquest
Starting age
Dark Age
Ending age
Imperial Age
RankedLock teamsTeams togetherTeam positionsShared explorationLock speedFull tech treeHidden civsTurbo modeCheats
Victory
Defeat
🇫🇷 Khmer · France
855
+14
🇫🇷 Franks · France
854
+14
🇩🇪 Goths · Germany
809
-14
🇩🇪 Britons · Germany
809
-14
DrHaz3lnut
4:38 Loom
11:35 Feudal Age
17:54 Castle Age
19:45 Scale Barding Armor
20:45 Man-at-Arms
22:23 Long Swordsman
25:08 Forging
26:26 Horse Collar
26:34 Double-Bit Axe
38:59 Imperial Age
37:25 Heavy Plow
37:39 Bow Saw
40:23 Ballistics
39:57 Fletching
40:08 Padded Archer Armor
44:28 Chemistry
44:32 Bodkin Arrow
44:53 Leather Archer Armor
45:16 Murder Holes
47:15 Two-Man Saw
47:03 Wheelbarrow
47:09 Two-Handed Swordsman
R3genwurm
1:18 Loom
10:06 Feudal Age
12:19 Man-at-Arms
12:56 Horse Collar
20:58 Castle Age
19:42 Double-Bit Axe
23:14 Gold Mining
25:12 Long Swordsman
25:13 Pikeman
25:53 Squires
27:24 Wheelbarrow
27:21 Scale Mail Armor
27:32 Forging
31:26 Stone Mining
32:38 Bow Saw
37:33 Imperial Age
35:08 Heavy Plow
37:04 Anarchy
38:19 Chain Mail Armor
38:40 Iron Casting
37:44 Elite Skirmisher
39:33 Bloodlines
38:44 Light Cavalry
39:58 Scale Barding Armor
39:46 Hussar
42:42 Elite Huskarl
45:31 Hand Cart
45:21 Onager
51:04 Halberdier
floping44
0:44 Loom
13:55 Feudal Age
19:39 Double-Bit Axe
22:35 Castle Age
28:37 Double-Bit Axe
34:34 Imperial Age
35:14 Cavalier
35:56 Husbandry
36:35 Paladin
37:58 Conscription
38:29 Gold Mining
41:11 Chemistry
43:07 Bow Saw
Bafode_44
0:44 Loom
12:32 Feudal Age
18:42 Castle Age
21:36 Bloodlines
20:49 Light Cavalry
38:27 Imperial Age
39:24 Double Crossbow
39:29 Capped Ram
40:57 Siege Ram
47:08 Elite Battle Elephant
52:33 Heavy Scorpion
Connection lost

Rejoining the realm…

Still unreachable

The connection could not be restored.

Session expired

The server has moved on; the page needs a fresh start.